AoeStats
← ccereal

Lombardia

509199890Analyzed
2v2 RM · 7d ago on Sep 25, 2026· 23m 40s· 4 players
Game mode
Random Map
Map size
Medium (4 player)
Population
200
Speed
Normal
Resources
Standard
Victory
Conquest
Starting age
Dark Age
Ending age
Imperial Age
RankedLock teamsTeams togetherTeam positionsShared explorationLock speedFull tech treeHidden civsTurbo modeCheats
Victory
Defeat
🇫🇷 Saracens · France
1609
+14
🇫🇷 Lithuanians · France
1541
+17
🇫🇷 Varangians · France
1583
-16
🇦🇷 Maya · Argentina
1553
-15
ccereal
5:42 Loom
8:21 Feudal Age
8:55 Double-Bit Axe
13:39 Fletching
20:43 Castle Age
20:27 Horse Collar
20:38 Gold Mining
20:46 Crossbowman
21:51 Bodkin Arrow
Frorok
5:57 Loom
8:40 Feudal Age
9:27 Double-Bit Axe
15:46 Forging
17:04 Wheelbarrow
19:43 Bloodlines
20:43 Gold Mining
23:08 Castle Age
21:28 Scale Barding Armor
22:26 Bloodlines
23:34 Light Cavalry
ElRudyGrando
10:30 Feudal Age
10:54 Loom
16:02 Castle Age
15:29 Double-Bit Axe
20:40 Town Watch
24:06 Wheelbarrow
ELBIO
0:27 Loom
9:52 Feudal Age
13:11 Fletching
14:07 Padded Archer Armor
15:14 Double-Bit Axe
23:23 Castle Age
Connection lost

Rejoining the realm…

Still unreachable

The connection could not be restored.

Session expired

The server has moved on; the page needs a fresh start.